Unix NetHack Version 5.0.0-0 post-release - last build May  4 2026 22:22:43 (774f63e81ad911689b3a0859ea89b322d5daca8d,branch:main).

Game began 2026-05-08 13:19:41, ended 2026-05-08 13:51:28.

2461479678, lawful female human Valkyrie

          ------            ----  ####*                 ##      #####**#
         --.|..--           |..|--####*##           ----#-#-    *#*#*###*
         |......|           |..--.-#.###- --- -------..|##.---- ### ####
         ----).--      ------.........#.--<.| |.^.....##-.....-- #* *#`
            --.---------...........#........---.--..#--|.......## # #*# ....|
             |...................  ###...........       -.|...#-#* #*# |.)..|
   -------   -------.......(...           .......    ---|.|--#- # # # --.--.|
 ---.|..)--    ---....   .......               ..B-- |..|.|   ######- ...||.|
 |........---- |......   .)--....              ...@| |....|    ##*#|....---.|
 |.........|.---........ ..|--...              ..^B---.|..|          ..--|..--
 |.......).)...........`--.| --....           .........|             ..|--...|
 ---................|.|....|  |....           .....---...            ..||....|
   --.......----.|.----.----  ---......      ...---- |...            ..-)..---
    ----...--  ----|....|       |.......     ..--    --...|.         ...#.#-
       |..--       |.----       ---.|...  ....%|     --....>         ..##.#-
     ---..|       --[---          ----.........|     |..--..        -..|#..|
     |..---      --....|             |......--.----  |..||.............||.^|
     |..|        |.....|             ---...-||....|  ----|.....%.))...------
     ---         --.----               |....|---..|      ---...--------
                  ---                  ---.--  |..|        --.-
                                         ---   ----         ---
2461479678 the Skirmisher   St:18/03 Dx:12 Co:18 In:8 Wi:9 Ch:8  Lawful
Dlvl:4  $:22 HP:0(59) Pw:12(12) AC:6  Xp:5 T:1293 

Latest messages:
 The pony bites!
 Are you sure you want to pray? [yn] (n) y
 You begin praying to Tyr.
 You are surrounded by a shimmering light.
 The pony starts to attack you, but pulls back.
 The pony starts to attack you, but pulls back.
 The pony starts to attack you, but pulls back.
 You finish your prayer.
 You feel that Tyr is well-pleased.
 What do you want to zap? [g or ?*] g
 A bat suddenly appears next to you!
 A bat suddenly appears next to you!
 The pony kicks!
 The pony bites!
 There is nothing here to pick up.
 What do you want to eat? [d or ?*] <space>
 Never mind.
 What do you want to write with? [- abegkm-or or ?*] -
 You write in the dust with your fingertip.
 What do you want to write in the dust here? Elbereth
 The bat turns to flee.
 The bat turns to flee.
 The bat turns to flee.
 The pony turns to flee.
 Something is written here in the dust.
 You read: "Elber?th".
 Are you waiting to get hit?  Use 'm' prefix to force a no-op (to rest).
 Are you waiting to get hit?  Use 'm' prefix to force a no-op (to rest).
 Are you waiting to get hit?  Use 'm' prefix to force a no-op (to rest).
 Are you waiting to get hit?  Use 'm' prefix to force a no-op (to rest).
 Are you waiting to get hit?  Use 'm' prefix to force a no-op (to rest).
 Are you waiting to get hit?  Use 'm' prefix to force a no-op (to rest).
 You kill the bat!
 The bat bites!
 The bat misses!
 Something is written here in the dust.
 You read: "Elbc? tn".
 The bat bites!
 What do you want to write with? [- abegkm-or or ?*] -
 Do you want to add to the current engraving? [ynq] (y) n
 You wipe out the message that was written in the dust here.
 You write in the dust with your fingertip.
 What do you want to write in the dust here? Elbereth
 The bat bites!
 You die...
 Do you want your possessions identified? [ynq] (y) y
 Do you want to see your attributes? [ynq] (y) n
 Do you want an account of creatures vanquished? [ynaq] (y) n
 Do you want to see your conduct and achievements? [ynq] (y) n
 Do you want to see the dungeon overview? [ynq] (y) n

Inventory:
 Coins    ('$')
  $ - 22 gold pieces
 Weapons  (')')
  b - a +0 dagger (alternate weapon; not wielded)
  k - a cursed -3 dagger
  e - a cursed -1 orcish dagger
  a - a corroded +1 spear (weapon in right hand)
 Armor    ('[')
  f - an uncursed +0 orcish helm
  p - an uncursed +0 orcish helm
  c - a blessed +3 small shield (being worn)
 Comestibles  ('%')
  d - 3 uncursed food rations
 Potions  ('!')
  j - an uncursed potion of gain ability
  q - an uncursed potion of gain level
  i - an uncursed potion of invisibility
 Wands    ('/')
  g - a wand of create monster (0:14)
 Tools    ('(')
  h - a +0 pick-axe
 Gems/Stones  ('*')
  m - an uncursed citrine stone
  o - an uncursed worthless piece of blue glass
  r - 2 uncursed worthless pieces of violet glass
  n - an uncursed worthless piece of yellowish brown glass

2461479678 the Valkyrie's attributes:

Background:
 You were a Skirmisher, a level 5 human Valkyrie.
 You were lawful, on a mission for Tyr
 who was opposed by Odin (neutral) and Loki (chaotic).
 You were right-handed.
 You were in the Gnomish Mines, on level 4.
 You entered the dungeon 1293 turns ago.
 You had 166 experience points, 154 more were needed to attain level 6.

Basics:
 You had 0 out of 59 hit points.
 You had all 12 energy points (spell power).
 Your armor class was 6.
 Your wallet contained 22 zorkmids.
 Autopickup was off.

Final Characteristics:
 Your strength was 18/03 (limit:18/100).
 Your dexterity was 12 (limit:18).
 Your constitution was 18 (limit:18).
 Your intelligence was 8 (limit:18).
 Your wisdom was 9 (limit:18).
 Your charisma was 8 (limit:18).

Final Status:
 You weren't hungry.
 You were unencumbered.
 You were wielding a spear.
 You had basic skill with spear.

Final Attributes:
 You were devoutly aligned.
 You were cold resistant.
 You were stealthy.
 You are dead.

Miscellaneous:
 You didn't encounter any bones levels.
 Total elapsed playing time was 31 minutes and 46 seconds.

Major events:
 Turn
    1: 2461479678 the lawful human Valkyrie entered the dungeon
  671: entered the Gnomish Mines
  676: attained the rank of Skirmisher (level 3)
 1293: killed by a bat

You didn't know any spells.

Skills:
 Fighting Skills
   bare handed combat [Unskilled]
   two weapon combat  [Unskilled]
   riding             [Unskilled]
 Weapon Skills
   dagger             [Basic]
   axe                [Unskilled]
   pick-axe           [Unskilled]
   short sword        [Unskilled]
   broadsword         [Unskilled]
   long sword         [Unskilled]
   two-handed sword   [Unskilled]
   saber              [Unskilled]
   hammer             [Unskilled]
   quarterstaff       [Unskilled]
   polearms           [Unskilled]
   spear              [Basic]
   trident            [Unskilled]
   lance              [Unskilled]
   sling              [Unskilled]
 Spellcasting Skills
   attack spells      [Unskilled]
   escape spells      [Unskilled]

Voluntary challenges:
 Character rerolling was not enabled.
 You never genocided any monsters.
 You never polymorphed an object.
 You never changed form.
 You used no wishes.
Achievements:
 You entered the Gnomish Mines.
 You attained the rank of Skirmisher.

 The Dungeons of Doom: levels 1 to 2
    Level 1:
       A fountain.
    Level 2:
       A fountain.
       Stairs down to The Gnomish Mines.
 The Gnomish Mines: levels 3 to 4
    Level 3:
    Level 4: <- You were here.
       Final resting place for
          you, killed by a bat.


Vanquished creatures:
  2 gnome leaders
  a homunculus
 an acid blob
  a large kobold
  a hobgoblin
  a brown mold
 12 gnomes
  a gecko
  3 jackals
  a fox
  3 goblins
  a sewer rat
  2 grid bugs
  a bat
  3 lichens
  3 newts
37 creatures vanquished.

No species were genocided or became extinct.

Game over:
                       ----------
                      /          \
                     /    REST    \
                    /      IN      \
                   /     PEACE      \
                  /                  \
                  |    2461479678    |
                  |      22 Au       |
                  | killed by a bat  |
                  |                  |
                  |                  |
                  |                  |
                  |       2026       |
                 *|     *  *  *      | *
        _________)/\\_//(\/(/\)/\//\/|_)_______

Farvel 2461479678 the Valkyrie...

You died in The Gnomish Mines on dungeon level 4 with 844 points,
and 22 pieces of gold, after 1293 moves.
You were level 5 with a maximum of 59 hit points when you died.

